 Dungeon Crawl Stone Soup version 0.30.0-11-gf55b779eaf (webtiles) character file.

Game seed: 15170764009679653296

188625 Chodeload the Slayer (level 18, -1/230 HPs)
             Began as an Ogre Wanderer on May 15, 2023.
             Was a High Priest of Ashenzari.
             Slain by a merfolk impaler
             ... wielding a +0 trident
              (6 damage)
             ... on level 2 of the Shoals on May 16, 2023.
             The game lasted 02:23:12 (28424 turns).

Chodeload the Slayer (Ogre Wanderer)               Turns: 28424, Time: 02:23:13

Health: -1/230     AC: 10    Str: 26    XL:     18   Next: 55%
Magic:  28/28      EV: 12    Int: 11    God:    Ashenzari [*****.]
Gold:   2622       SH:  0    Dex:  9    Spells: 19/31 levels left

rFire   + . .        a - +9 giant spiked club of the Circumscribed Sun {vamp, Range, Melee} (curse)
rCold   . . .        (shield currently unavailable)
rNeg    . . .        k - +0 troll leather armour "Shattered Sybil" {Regen+, Evo, Melee} (curse)
rPois   +            (helmet restricted)
rElec   .            s - +2 cloak of Supernal Wisdom {Melee, Evo} (curse)
rCorr   .            (gloves unavailable)
SInv    +            (boots unavailable)
Will    +++..        m - amulet of Ashenzari's Negation {Regen+, Fort, Cun} (curse)
Stlth   ++           U - ring of Ashenzari's Soothsayer {rPois rF+ Will+ Str+2 Dex-3, Cun, Melee} (curse)
HPRegen 2.18/turn    t - ring "Gucic" {Fly Will+ Str+4 Dex-5}
MPRegen 0.21/turn

%: clarity
@: about to teleport, flying, studying Summonings
A: large, unfitting armour, tough skin 1
a: Renounce Religion, Curse Item, Shatter the Chains


You were on level 2 of the Shoals.
You worshipped Ashenzari.
Ashenzari was extremely pleased with you.
You visited 6 branches of the dungeon, and saw 30 of its levels.
You also visited: Bailey and Ice Cave.

You collected 2622 gold pieces.

Inventory:

Hand Weapons
 a - the cursed +9 giant spiked club of the Circumscribed Sun (weapon) {vamp, Range, Melee}
   (You took it off Erolcha on level 12 of the Dungeon)

   It has a curse which improves the following skills: Ranged Combat: Ranged
   Weapons and Throwing.
   Melee Combat: Short Blades, Long Blades, Axes, Maces & Flails, Polearms,
   Staves and Unarmed Combat.
Missiles
 g - 6 throwing nets
 I - 22 large rocks (quivered)
 L - 7 boomerangs
 M - 7 boomerangs of dispersal
 T - 2 curare-tipped darts
 Y - 5 javelins
Armour
 k - the cursed +0 troll leather armour "Shattered Sybil" (worn) {Regen+, Evo, Melee}
   (You found it on level 12 of the Dungeon)

   Regen:     It increases your rate of health regeneration.
   It has a curse which improves the following skills: Evocations: Evocations.
   Melee Combat: Short Blades, Long Blades, Axes, Maces & Flails, Polearms,
   Staves and Unarmed Combat.
 s - the cursed +2 cloak of Supernal Wisdom (worn) {Melee, Evo}
   (You took it off a white draconian in an ice cave)

   It has a curse which improves the following skills: Melee Combat: Short
   Blades, Long Blades, Axes, Maces & Flails, Polearms, Staves and Unarmed
   Combat.
   Evocations: Evocations.
Jewellery
 c - a ring of protection from fire
 d - a ring of protection from cold
 h - a +4 ring of protection
 m - the cursed amulet of Ashenzari's Negation (around neck) {Regen+, Fort, Cun}
   (You found it on level 8 of the Dungeon)

   [amulet of regeneration]

   Regen:     It increases your rate of health regeneration.
   It has a curse which improves the following skills: Fortitude: Armour and
   Shields.
   Cunning:   Dodging and Stealth.
 t - the ring "Gucic" (right hand) {Fly Will+ Str+4 Dex-5}
   (You found it on level 1 of the Shoals)

   [ring of flight]

   Str:       It affects your strength (+4).
   Dex:       It affects your dexterity (-5).
   Fly:       It grants you flight.
   Will:      It increases your willpower.
 w - a +6 ring of strength
 y - a ring of resist corrosion
 U - the cursed ring of Ashenzari's Soothsayer (left hand) {rPois rF+ Will+ Str+2 Dex-3, Cun, Melee}
   (You acquired it on level 4 of the Lair of Beasts)

   [ring of willpower]

   Str:       It affects your strength (+2).
   Dex:       It affects your dexterity (-3).
   rF:        It protects you from fire.
   rPois:     It protects you from poison.
   Will:      It increases your willpower.
   It has a curse which improves the following skills: Cunning: Dodging and
   Stealth.
   Melee Combat: Short Blades, Long Blades, Axes, Maces & Flails, Polearms,
   Staves and Unarmed Combat.
Wands
 B - a wand of polymorph (18)
 E - a wand of charming (30)
 N - a wand of iceblast (28)
 R - a wand of light (15)
Scrolls
 b - 3 scrolls of enchant weapon
 e - 3 scrolls of fog
 f - 9 scrolls of immolation
 j - a scroll of brand weapon
 n - 15 scrolls of teleportation
 o - 6 scrolls of amnesia
 p - 7 scrolls of poison
 z - a scroll of silence
 F - 5 scrolls of magic mapping
 G - 2 scrolls of summoning
 O - 7 scrolls of fear
 S - 4 scrolls of enchant armour
 Z - 2 scrolls of blinking
Potions
 i - 5 potions of lignification
 q - 12 potions of curing
 r - 5 potions of brilliance
 v - 9 potions of heal wounds
 C - 4 potions of attraction
 D - 3 potions of invisibility
 H - 6 potions of haste
 J - 2 potions of berserk rage
 P - 2 potions of cancellation
 Q - 2 potions of magic
Miscellaneous
 l - a phial of floods


   Skills:
 + Level 25.1 Fighting
 - Level 17.6(22.4) Maces & Flails
 - Level 2.0(5.5) Polearms
 - Level 12.2(14.3) Throwing
 - Level 8.1(10.3) Armour
 - Level 8.3(11.5) Dodging
 - Level 1.4(3.4) Stealth
 - Level 7.1(9.3) Shields
 - Level 7.0 Spellcasting
 - Level 5.0 Translocations
 - Level 1.7 Earth Magic


You had 19 spell levels left.
You knew the following spells:

 Your Spells              Type           Power      Damage    Failure   Level
a - Sandblast             Erth           14%        2d6       10%         1
b - Blink                 Tloc           28%        N/A       3%          2
c - Passwall              Tmut/Erth      4%         N/A       21%         2
d - Lesser Beckoning      Tloc           28%        N/A       3%          2
e - Passage of Golubria   Tloc           14%        N/A       24%         4
f - Apportation           Tloc           28%        N/A       2%          1

Your spell library contained the following spells:

 Spells                   Type           Power      Damage    Failure   Level
 Gell's Gravitas          Tloc           14%        N/A       8%          3
 Teleport Other           Tloc           14%        N/A       8%          3
 Momentum Strike          Conj/Tloc      18%        3d8       11%         2
 Magic Dart               Conj           12%        1d3       19%         1
 Necrotise                Necr           12%        1d4       19%         1
 Summon Small Mammal      Summ           12%        N/A       19%         1
 Vhi's Electric Charge    Tloc/Air       18%        N/A       21%         3
 Call Imp                 Summ           6%         N/A       28%         2
 Cigotuvi's Dreadful Rot  Necr/Pois/Air  6%         N/A       28%         2
 Call Canine Familiar     Summ           3%         N/A       50%         3
 Inner Flame              Hex/Fire       3%         N/A       50%         3
 Mephitic Cloud           Conj/Pois/Air  3%         N/A       50%         3
 Summon Guardian Golem    Hex/Summ       3%         N/A       50%         3
 Vampiric Draining        Necr           3%         2d6       50%         3
 Animate Armour           Summ/Erth      10%        N/A       80%         4
 Leda's Liquefaction      Hex/Erth       2%         N/A       80%         4
 Animate Dead             Necr           3%         N/A       88%         4
 Dispel Undead            Necr           3%         3d7       88%         4
 Flame Wave               Conj/Fire      3%         2d5       88%         4
 Sticky Flame             Conj/Fire      3%         2d3       88%         4
 Lee's Rapid Deconstruct  Erth           3%         3d5*      95%         5
 Agony                    Necr           3%         N/A       99%         5
 Arcjolt                  Conj/Air       1%         1d11      99%         5
 Silence                  Hex/Air        1%         N/A       99%         5
 Yara's Violent Unravell  Hex/Tmut       1%         3d3       99%         5
 Death Channel            Necr           1%         N/A       100%        6
 Statue Form              Tmut/Erth      3%         N/A       100%        6
 Enfeeble                 Hex            1%         N/A       100%        7
 Haunt                    Necr/Summ      1%         N/A       100%        7
 Malign Gateway           Summ/Tloc      4%         N/A       100%        7
 Borgnjor's Revivificati  Necr           1%         N/A       100%        8
 Infestation              Necr           1%         N/A       100%        8
 Lehudib's Crystal Spear  Conj/Erth      2%         10d2      100%        8
 Maxwell's Capacitive Co  Air            1%         ∞         100%        8
 Necromutation            Tmut/Necr      1%         N/A       100%        8
 Summon Horrible Things   Summ           1%         N/A       100%        8
 Death's Door             Necr           1%         N/A       100%        9


Dungeon Overview and Level Annotations

Branches:
Dungeon (15/15)            Temple (1/1) D:6            Lair (5/5) D:8
 Shoals (3/4) Lair:3       Spider (4/4) Lair:3        Slime (0/5) Lair:4
    Orc (2/2) D:9             Elf (0/3) Orc:2        Vaults (0/5) D:13
 Depths (0/4) D:15         Bailey (visited)           IceCv (visited)

Altars:
Ashenzari
Fedhas
Gozag
Hepliaklqana
Kikubaaqudgha
Makhleb
Nemelex Xobeh
Ru
Sif Muna
Trog
Uskayaw
Vehumet
Wu Jian
Yredelemnul

Shops:
D:2 (   D:10 *   Orc:2 ![[=

Portals:
Hell: Lair:5

Annotations:
D:3 exclusion: 2 downstairs
D:5 exclusion: downstairs
D:10 1 transporter
D:11 exclusion: downstairs
D:15 1 transporter, Giaff's ghost, journeyman DsGl
Lair:1 exclusion: downstairs
Lair:2 exclusion: downstairs
Lair:4 exclusion: downstairs
Shoals:1 3 runed translucent doors, xzight's ghost, adept MiBe
Spider:2 exclusion: 2 downstairs
Spider:3 exclusion: downstairs
Spider:4 Nikola


Innate Abilities, Weirdness & Mutations

You are too large for most types of armour.
You have tough skin. (AC +1)


Message History

The merfolk is moderately wounded.
The iceblast engulfs the merfolk!
The merfolk is moderately wounded.
You hear a shout! x3
The merfolk hits you from afar with a +0 spear!
The merfolk hits you from afar with a +0 trident!
The merfolk impaler hits you from afar with a +0 trident!!
The merfolk hits you from afar with a +0 trident!
The merfolk impaler misses you.
The merfolk throws a boomerang.
The boomerang misses you.
The merfolk hits you but does no damage.
The merfolk barely misses you.
The merfolk hits you from afar with a +0 trident!
The merfolk impaler hits you from afar with a +0 trident!
As you read the scroll of teleportation, it crumbles to dust.
You feel strangely unstable.
The merfolk hits you from afar with a +0 trident!!
The merfolk impaler hits you from afar with a +0 trident!!
* * * LOW HITPOINT WARNING * * *
The merfolk hits you from afar with a +0 trident!
* * * LOW HITPOINT WARNING * * *
The merfolk impaler hits you from afar with a +0 trident!
* * * LOW HITPOINT WARNING * * *
The merfolk closely misses you.
Okay, then.
You feel much better. The merfolk barely misses you.
The merfolk impaler hits you from afar with a +0 trident!
* * * LOW HITPOINT WARNING * * *
The merfolk hits you from afar with a +0 trident!!
* * * LOW HITPOINT WARNING * * *
The merfolk closely misses you.
You feel much better.
The merfolk impaler hits you from afar with a +0 trident.
* * * LOW HITPOINT WARNING * * *
The merfolk hits you from afar with a +0 trident!
* * * LOW HITPOINT WARNING * * *
The merfolk hits you from afar with a +0 trident!!
* * * LOW HITPOINT WARNING * * *
The merfolk impaler hits you from afar with a +0 trident.
You die...

~~ ~~
≈≈≈≈≈~~~~~~~≈≈≈≈≈≈≈≈~~~~~
≈≈≈≈≈≈≈≈≈≈≈≈≈≈≈≈≈≈≈≈~~ ~ , ~~
~≈≈≈≈≈≈≈≈≈≈≈≈≈≈≈≈≈≈≈≈~~~ ~
~≈≈≈≈≈≈≈≈≈≈≈≈≈≈≈≈≈≈≈≈~~ , ~
~~ ≈≈≈≈≈≈≈≈≈≈≈≈≈≈≈~~~≈~~~ ~ ~
~~~~~~≈≈≈≈≈≈≈≈≈≈≈≈~~~~~~~~~~~
~ ~ ~
≈≈≈≈≈≈≈≈≈≈≈≈~~~~~.~~~~~~ ~
≈≈≈≈≈≈≈m~~~≈~~~.....~~ ~ ~ ~
~~≈≈≈≈≈≈mm~@~≈~~~......~~ ~ ~
~~≈≈≈≈≈≈≈m~###########~~ ~ ~
~ ~ ~≈~~~≈~~m## 8 8 #≈~~ ~
≈~~~~~~## ~~ ~~ ~ ~~~ ~~
~~~~~~~~* {~~~~ {~ ~*,, ~~~
~~~~~~~#* ~ * * ** ~ ~ ~
~~~~~~~~ *∆~~ ~ ~ ~ ~~~~~~. {
~ *~ ~ ~~~~ ~~~~.** ~ *~~ ~ ~
~*


You could see a merfolk impaler and 4 merfolk.

Vanquished Creatures
  Jorgrun (Orc:2)
  A tentacled monstrosity (Shoals:1)
  A kraken (Shoals:1)
  Donald (Shoals:2)
  3 frost giants (IceCv)
  Louise (D:15)
  3 ghost moths
  A very ugly thing (D:14)
  5 broodmothers
  Nessos (Lair:4)
  A dire elephant (Lair:5)
  A white draconian (IceCv)
  Azrael (D:12)
  6 merfolk impalers
  A merfolk javelineer (Shoals:3)
  Josephine (D:10)
  5 entropy weavers
  Fannar (D:10)
  3 great orbs of eyes (Shoals:1)
  3 vault guards (D:13)
  Erolcha (D:12)
  7 hydras
  9 ice dragons
  A merfolk avatar (Shoals:1)
  4 ironbound frosthearts (IceCv)
  13 two-headed ogres
  3 ogre magi
  An alligator snapping turtle (Shoals:2)
  7 boulder beetles
  6 radroaches
  4 jorogumos
  5 centaur warriors
  An orc high priest (Orc:2)
  Urug (D:10)
  A sun demon (Lair:5)
  Nergalle (Orc:2)
  Sonja (Lair:4)
  4 skysharks
  A fire crab (Lair:5)
  Amaemon (Lair:3)
  6 pharaoh ants
  3 sun moths
  An orb spider (Spider:2)
  2 sea snakes (Shoals:2)
  An orange crystal statue (IceCv)
  4 harpies (Shoals:2)
  4 steelbarb worms (Spider:2)
  11 wolf spiders
  An orc knight (Orc:2)
  5 wizards
  3 manticores
  A deep elf pyromancer (D:14)
  An oklob plant (Lair:1)
  18 ugly things
  3 fauns (Shoals:1)
  4 cyclopes
  10 orc sorcerers
  7 elephants
  6 merfolk sirens
  7 black mambas
  2 water nymphs
  2 moths of wrath
  9 demonic crawlers
  6 gargoyles
  3 torpor snails
  12 cane toads
  2 orange demons
  2 kobold demonologists
  5 yaktaurs
  An unseen horror (D:10)
  14 rime drakes
  2 ice devils (Lair:5)
  14 komodo dragons
  2 red devils (Lair:5)
  A hellwing (Lair:5)
  A meliai (shapeshifter) (D:15)
  4 trolls
  3 merfolk
  A hornet (D:9)
  13 polar bears
  A raiju (shapeshifter) (D:14)
  25 tarantellas
  A snapping turtle (Shoals:1)
  19 blink frogs
  4 dream sheep (Lair:4)
  23 jumping spiders
  Sigmund (D:6)
  6 wraiths
  A water elemental (Shoals:1)
  4 slime creatures (D:12)
  2 shadows
  2 vampires
  60 yaks
  6 spriggans (Bailey)
  4 wyverns
  17 culicivoras
  19 humans (D:13)
  A yak (shapeshifter) (D:15)
  2 steam dragons
  2 fire elementals (D:12)
  6 vampire mosquitoes
  4 basilisks
  47 redbacks
  A redback (shapeshifter) (D:15)
  4 wargs (Orc:2)
  3 acid dragons
  7 hell hounds
  Duvessa (D:6)
  12 water moccasins
  19 orc warriors
  A swamp drake (D:9)
  2 ice beasts
  5 black bears
  5 wolves (Lair:3)
  24 ogres
  13 centaurs
  3 phantoms
  4 kobold brigands
  15 bullfrogs
  5 scorpions
  9 wights
  Dowan (D:6)
  15 killer bees
  3 electric eels (Lair:4)
  4 howler monkeys (D:11)
  A crimson imp (D:3)
  5 jellies
  11 orc priests
  4 hounds
  2 gnoll boudas (D:5)
  A sleepcap (D:7)
  Ijyb (D:3)
  7 iguanas
  50 orc wizards
  10 gnolls
  10 adders
  A white imp (D:6)
  4 worms
  3 dart slugs (D:2)
  72 orcs
  10 bats
  6 endoplasms
  8 giant cockroaches
  13 goblins
  8 hobgoblins
  3 jackals (D:1)
  3 quokkas
  10 ball pythons
  3 frilled lizards
  15 kobolds
  4 rats
988 creatures vanquished.

Vanquished Creatures (collateral kills)
  Grinder (D:5)
  A scorpion (D:8)
  A gnoll (D:7)
  An orc (D:7)
4 creatures vanquished.

Vanquished Creatures (others)
  2 orcs
  4 tentacles (Shoals:1)
6 creatures vanquished.

Grand Total: 998 creatures vanquished

Notes
Turn   | Place    | Note
-------+----------+-------------------------------------------
     0 | D:1      | Chodeload the Ogre Wanderer began the quest for the Orb.
     0 | D:1      | Chodeload set off with the following items: a +0 spear, a
                  | +0 kite shield, a potion of attraction, a +0 robe; and the
                  | following spell memorised: Sandblast; and the following
                  | spells available to memorise: Passwall, Animate Armour.
     0 | D:1      | Reached XP level 1. HP: 16/16 MP: 2/2
    92 | D:1      | Reached skill level 1 in Fighting
    99 | D:1      | Reached XP level 2. HP: 24/27 MP: 3/3
   406 | D:1      | Reached skill level 2 in Fighting
   488 | D:1      | You fall into a shaft and drop 1 floor!
   536 | D:2      | Reached XP level 3. HP: 18/35 MP: 4/4
   694 | D:2      | Found Ceuss's Antique Weapon Boutique.
   701 | D:2      | Reached skill level 1 in Throwing
  1241 | D:2      | Reached XP level 4. HP: 39/44 MP: 5/5
  1276 | D:2      | Upgraded the game from 0.30.0-10-gfe55d96785 to
                  | 0.30.0-11-gf55b779eaf
  1528 | D:2      | Reached skill level 3 in Fighting
  1671 | D:3      | Found a blossoming altar of Fedhas.
  1732 | D:3      | Found a broken altar of Ashenzari.
  1776 | D:3      | Became a worshipper of Ashenzari the Shackled
  1924 | D:3      | Found a radiant altar of Vehumet.
  1924 | D:3      | Found a burning altar of Makhleb.
  2035 | D:3      | Reached XP level 5. HP: 51/54 MP: 6/6
  2042 | D:4      | Noticed a black bear
  2247 | D:3      | Noticed Ijyb
  2280 | D:3      | Killed Ijyb
  2281 | D:3      | Reached skill level 4 in Fighting
  2449 | D:3      | Learned a level 2 spell: Blink
  2452 | D:3      | Learned a level 2 spell: Passwall
  2486 | D:3      | Found an ancient bone altar of Kikubaaqudgha.
  2760 | D:4      | Reached skill level 1 in Maces & Flails
  2760 | D:4      | Reached XP level 6. HP: 56/62 MP: 7/7
  2793 | D:5      | Entered Level 5 of the Dungeon
  2830 | D:4      | Found a bloodstained altar of Trog.
  2857 | D:4      | Found a hide-covered altar of Uskayaw.
  3074 | D:4      | HP: 2/58 [wight/+3 short sword (4)]
  3076 | D:4      | Reached XP level 7. HP: 3/68 MP: 8/8
  3511 | D:4      | Found an ornate altar of the Wu Jian Council.
  4060 | D:5      | Learned a level 2 spell: Lesser Beckoning
  4357 | D:5      | Reached skill level 5 in Fighting
  4357 | D:5      | Reached XP level 8. HP: 31/80 MP: 11/11
  4400 | D:5      | Reached * piety under Ashenzari
  4410 | D:5      | Found a sacrificial altar of Ru.
  4516 | D:5      | Found a basalt altar of Yredelemnul.
  4563 | D:6      | Noticed Grinder
  4577 | D:5      | Killed Grinder
  4578 | D:5      | Reached skill level 1 in Translocations
  4706 | D:5      | Reached skill level 5 in Throwing
  4994 | D:6      | Reached skill level 6 in Fighting
  5149 | D:5      | Reached skill level 5 in Shields
  5309 | D:6      | Reached XP level 9. HP: 75/93 MP: 14/16
  5329 | D:6      | Noticed Dowan
  5329 | D:6      | Noticed Duvessa
  5345 | D:6      | Killed Duvessa
  5347 | D:6      | Killed Dowan
  5559 | D:6      | Found a staircase to the Ecumenical Temple.
  5565 | Temple   | Entered the Ecumenical Temple
  5779 | D:6      | Reached skill level 7 in Fighting
  5820 | D:6      | Reached skill level 5 in Maces & Flails
  6116 | D:7      | Found a flagged portal.
  6151 | Bailey   | Entered a bailey
  6471 | Bailey   | Reached skill level 8 in Fighting
  6615 | Bailey   | Noticed a two-headed ogre
  6645 | Bailey   | Killed a two-headed ogre
  6646 | Bailey   | Reached skill level 5 in Spellcasting
  6646 | Bailey   | Reached XP level 10. HP: 90/107 MP: 14/18
  7142 | D:7      | Reached skill level 9 in Fighting
  7499 | D:7      | Identified the +1 halberd "Vuiritoal" {drain, Fly Int+2}
  7893 | D:7      | Noticed a purple ugly thing
  8062 | D:6      | Noticed Sigmund
  8067 | D:6      | Killed Sigmund
  8397 | D:8      | Noticed a two-headed ogre
  8494 | D:8      | Identified the +2 leather armour "Vyty" {rPois Str+3 Dex+3}
  8753 | D:8      | Found a staircase to the Lair.
  8833 | D:8      | Found a shimmering blue altar of Sif Muna.
  8869 | D:8      | Killed a two-headed ogre
  8870 | D:8      | Reached XP level 11. HP: 85/117 MP: 20/20
  9218 | D:7      | Noticed a five-headed hydra
  9406 | D:7      | Killed a five-headed hydra
  9494 | D:7      | Killed a purple ugly thing
  9690 | D:9      | Reached XP level 12. HP: 119/119 MP: 21/21
 10045 | D:9      | Noticed a two-headed ogre
 10084 | D:9      | Killed a two-headed ogre
 10162 | D:10     | Entered Level 10 of the Dungeon
 10178 | D:10     | Noticed Fannar
 10428 | Lair:1   | Entered Level 1 of the Lair of Beasts
 10461 | D:10     | Noticed Urug
 10467 | D:10     | Killed Urug
 10468 | D:10     | Reached skill level 15 in Maces & Flails
 10731 | D:10     | Reached skill level 10 in Fighting
 10980 | D:9      | Reached XP level 13. HP: 109/137 MP: 23/23
 11003 | D:9      | Found a staircase to the Orcish Mines.
 11364 | Lair:1   | Reached skill level 11 in Fighting
 11364 | Lair:1   | Reached skill level 1 in Armour
 12242 | Lair:2   | Reached skill level 12 in Fighting
 12799 | Lair:2   | Reached ** piety under Ashenzari
 13374 | Lair:3   | Reached skill level 13 in Fighting
 13404 | Lair:3   | Reached skill level 5 in Dodging
 13427 | Lair:3   | Identified the amulet "Cagot" {Acrobat Harm Int+2}
 13428 | Lair:3   | Noticed Amaemon
 13496 | Lair:3   | Found a staircase to the Shoals.
 13742 | Lair:3   | Found a hole to the Spider Nest.
 13767 | Lair:3   | Killed Amaemon
 13788 | Lair:4   | Found a staircase to the Slime Pits.
 13851 | Lair:5   | Entered Level 5 of the Lair of Beasts
 14010 | Lair:4   | Identified a scroll of acquirement
 14025 | Lair:4   | Reached XP level 14. HP: 157/157 MP: 25/25
 14071 | Lair:4   | Reached skill level 5 in Armour
 14108 | Lair:4   | Reached skill level 10 in Throwing
 14263 | Lair:4   | Acquired the ring "Falliaji" {rPois rF+ Will+ Str+2 Dex-3}
 14399 | Lair:4   | Noticed Nessos
 14633 | Lair:4   | Noticed Sonja
 14709 | Lair:4   | Killed Sonja
 14807 | Lair:4   | Killed Nessos
 15679 | Lair:5   | Reached *** piety under Ashenzari
 15994 | Lair:5   | Noticed a dire elephant
 16131 | Lair:5   | Killed a dire elephant
 16204 | Lair:5   | Found a burning altar of Makhleb.
 16366 | Lair:5   | Found a gateway to Hell.
 16714 | D:10     | Found a sparkling altar of Nemelex Xobeh.
 16714 | D:10     | Found a transporter.
 16844 | D:10     | Noticed Josephine
 16893 | D:10     | Killed Josephine
 16894 | D:10     | Reached XP level 15. HP: 133/164 MP: 26/26
 16944 | D:10     | Killed Fannar
 16988 | D:10     | Found an opulent altar of Gozag.
 16991 | D:10     | Found Gozag's Platinum Reserve.
 17584 | D:12     | Noticed Azrael
 17629 | D:11     | Reached **** piety under Ashenzari
 18067 | Orc:1    | Entered Level 1 of the Orcish Mines
 18362 | Orc:2    | Entered Level 2 of the Orcish Mines
 18434 | Orc:1    | Reached ***** piety under Ashenzari
 18524 | Orc:2    | Reached skill level 14 in Fighting
 19059 | Orc:2    | Found a staircase to the Elven Halls.
 19096 | Orc:2    | Noticed Jorgrun
 19146 | Orc:2    | Killed Jorgrun
 19147 | Orc:2    | Reached skill level 15 in Fighting
 19277 | Orc:2    | Found Esori's Distillery.
 19306 | Orc:2    | Found a radiant altar of Vehumet.
 19413 | Orc:2    | Noticed Nergalle
 19419 | Orc:2    | Found Gost's Antique Armour Emporium.
 19436 | Orc:2    | Killed Nergalle
 19453 | Orc:2    | Found an ancient bone altar of Kikubaaqudgha.
 19488 | Orc:2    | Found Vamit's Jewellery Shoppe.
 19500 | Orc:2    | Found Lekuotes's Antique Armour Emporium.
 19518 | Orc:2    | Reached skill level 16 in Fighting
 19987 | D:12     | Learned a level 4 spell: Passage of Golubria
 19989 | D:12     | Learned a level 1 spell: Apportation
 20043 | D:12     | Noticed Erolcha
 20051 | D:12     | Killed Erolcha
 20394 | D:12     | Killed Azrael
 20595 | D:13     | Identified the +2 ring mail "Corelip" {rN+}
 20903 | D:14     | Found a frozen archway.
 21019 | IceCv    | Entered an ice cave
 21032 | IceCv    | Reached XP level 16. HP: 152/182 MP: 25/25
 21080 | IceCv    | Reached skill level 17 in Fighting
 21644 | IceCv    | Identified the +2 helmet "Tyuczaz" {Regen+}
 21954 | D:15     | Entered Level 15 of the Dungeon
 22093 | D:14     | Identified the +6 hand axe of Contention {heavy, rN+}
 22663 | D:13     | Found a gate to the Vaults.
 22687 | D:13     | Reached skill level 18 in Fighting
 23437 | D:15     | Reached skill level 19 in Fighting
 23531 | D:15     | Noticed Louise
 23550 | D:15     | Killed Louise
 23738 | D:15     | Found a transporter.
 23751 | D:15     | Noticed Giaff's ghost (journeyman DsGl)
 23859 | D:15     | Reached XP level 17. HP: 190/198 MP: 25/27
 24159 | D:15     | Found a hazy altar of Hepliaklqana.
 24195 | D:15     | Found a staircase to the Depths.
 24492 | Spider:1 | Entered Level 1 of the Spider Nest
 24581 | Spider:1 | Reached skill level 5 in Translocations
 24801 | Spider:1 | Reached skill level 20 in Fighting
 25388 | Spider:2 | Reached skill level 21 in Fighting
 26276 | Spider:2 | Reached skill level 22 in Fighting
 26694 | Spider:4 | Entered Level 4 of the Spider Nest
 27080 | Spider:3 | Reached skill level 23 in Fighting
 27080 | Spider:3 | Reached XP level 18. HP: 193/195 MP: 28/28
 27091 | Spider:3 | Identified the +6 dagger of the Fifty Defenders {venom,
                  | rPois rF++ rC+ rCorr}
 27551 | Spider:4 | Noticed Nikola
 27627 | Shoals:1 | Entered Level 1 of the Shoals
 27649 | Shoals:1 | Reached skill level 24 in Fighting
 27765 | Shoals:1 | Found a runed translucent gate.
 27765 | Shoals:1 | Found a runed translucent gate.
 27765 | Shoals:1 | Found a runed translucent gate.
 27770 | Shoals:1 | Noticed xzight's ghost (adept MiBe)
 27865 | Shoals:1 | Noticed a tentacled monstrosity
 27865 | Shoals:1 | Identified Mara's Octavo of Mad Ravings
 27866 | Shoals:1 | Identified the ring "Gucic" {Fly Will+ Str+4 Dex-5}
 27872 | Shoals:1 | Killed a tentacled monstrosity
 28349 | Shoals:2 | Reached skill level 25 in Fighting
 28380 | Shoals:2 | Noticed Donald
 28395 | Shoals:2 | Killed Donald
 28424 | Shoals:2 | HP: 5/230 [merfolk/+0 trident (21)]
 28424 | Shoals:2 | Slain by a merfolk impaler

Illustrated notes

Levels and vault maps discovered:
D:1:      amcnicky_arrival_underground_garden, layout_loops_ring
D:2:      layout_basic, serial_shops, shop, minmay_misc_feat_five,
          minmay_misc_feat_pillars
D:3:      minmay_skewed_foursquare, layout_rooms,
          grunt_temple_overflow_lords_of_destruction,
          nicolae_kikubaaqudgha_miasma_corner, mainiacjoe_overflow_boulevard,
          mainiacjoe_overflow_surrounded_room, minivault_24, uniq_ijyb
D:4:      layout_loops_ring, lemuel_crystal_altar,
          mainiacjoe_overflow_big_doors, minivault_1, chequers_jeans,
          minmay_misc_feat_diagonals
D:5:      cheibrodos_helix_gallery, layout_cave_pools,
          mainiacjoe_overflow_catwalk, nicolae_ru_great_annihilating_truth,
          minmay_manual_mess
D:6:      layout_loops_cross, minmay_temple_entry_hall, serial_park_tiny_2,
          grunt_ministairs_13, uniq_duvessa, uniq_sigmund, uniq_grinder
D:7:      layout_basic, lightli_bailey_entry_fortress, minmay_the_grid_2x2
          [minmay_the_grid_slots, minmay_the_grid_zigzag_pyramid,
          minmay_the_grid_expand, minmay_the_grid_prize_diamond_cup]
D:8:      layout_gridville, old_standard_altar, due_lair_maze_entry_diamond
D:9:      layout_roguey, erik_orc_1
D:10:     layout_rooms, grunt_nemelex_the_gamble,
          nicolae_gozag_zags_fifth_avenue, uniq_josephine, uniq_urug,
          uniq_fannar
D:11:     layout_basic, minmay_orc_keep
D:12:     kennysheep_six_static_rooms, layout_cave_pools, uniq_erolcha,
          uniq_azrael
D:13:     layout_cave_pods, grunt_vaults_entry_tiered
D:14:     layout_long_grid, grunt_decor_fettered,
          portal_ice_cave_entry_ugly_swarm
D:15:     grunt_enter_depths_hoard, layout_long_grid, gammafunk_ghost_mausoleum,
          nicolae_two_hexagons, worldfamousw_hep_ancestral_shrine, uniq_louise
Temple:   hellmonk_temple_forest_ring
Lair:1:   wander_river, layout_layer_cave
Lair:2:   layout_regular_city, patterned_corridor, infiniplex_staircase_pool,
          grunt_megastairs_5, lemuel_fruit_fields
Lair:3:   layout_small_grid, elwin_shoals_entry_stream, spider_nest_entry_a,
          cheibrodos_lair_reptile_den, uniq_amaemon
Lair:4:   layout_misc_corridors, nicolae_slime_entry_slimehenge,
          hibernation_bobbens, serial_bayou_shore_a, lemuel_fruit_fields,
          uniq_sonja, uniq_nessos
Lair:5:   evil_forest, layout_cave_pods
Shoals:1: dreamdust_from_the_deep, layout_shoals, gammafunk_ghost_necromancy,
          nicolae_shoals_arrival_archipelago
Shoals:2: layout_shoals, st_sunken_temple, uniq_ilsuiw, uniq_roxanne,
          uniq_donald
Shoals:3: layout_shoals, nicolae_shoals_gull_way
Spider:1: layout_spider_delve, drop_trap, guppyfry_spider_mini_1
Spider:2: layout_chambers, nicolae_spider_nooks_and_crannies
Spider:3: nicolae_spider_brood_tunnel, hive_lemuel
Spider:4: hellmonk_spider_rune_bug_friends, uniq_agnes, uniq_arachne,
          uniq_nikola, uniq_aizul
Orc:1:    layout_caves, serial_shops, shop_fountains, nicolae_orc_lost_temple
Orc:2:    kennysheep_orc_mage_school, layout_caves, minmay_orc_temple_a,
          uniq_jorgrun

Skill      XL: |  1  2  3  4  5  6  7  8  9 10 11 12 13 14 15 16 17 18 |
---------------+-------------------------------------------------------+-----
Fighting       | 1 2 3 4 5 6 8 9 10 13 16 19 23 25 | 25.1
Throwing       | 1 2 3 4 5 6 8 9 11 12 | 12.2
Shields        | 3 4 5 6 7 |  7.1
Maces & Flails | 1 2 3 4 5 7 14 15 16 17 | 17.6
Spellcasting   | 2 4 5 6 7 |  7.0
Translocations | 2 3 4 5 |  5.0
Armour         | 4 7 8 |  8.1
Dodging        | 5 8 |  8.3
Polearms       | |  2.0
Stealth        | |  1.4
Earth Magic    | |  1.7

Action                     |  1- 3 |  4- 6 |  7- 9 | 10-12 | 13-15 | 16-18 || total
---------------------------+-------+-------+-------+-------+-------+-------++-------
  Melee: Spear             |   161 |   205 |   142 |       |       |       ||   508
         Unarmed           |       |    25 |       |       |       |       ||    25
         Club              |       |    51 |       |       |       |       ||    51
         Whip              |       |       |   175 |       |       |       ||   175
         Flail             |       |       |    73 |   601 |  1552 |       ||  2226
         Giant spiked club |       |       |       |       |   134 |  1056 ||  1190
   Fire: Sling             |    19 |       |       |       |       |       ||    19
  Throw: Large rock        |     3 |     3 |     9 |     7 |     3 |    51 ||    76
         Dart              |       |     3 |    38 |    19 |    10 |       ||    70
         Boomerang         |       |       |       |    48 |   180 |       ||   228
         Javelin           |       |       |       |       |     1 |     5 ||     6
         Throwing net      |       |       |       |       |       |     1 ||     1
   Cast: Blink             |       |       |     2 |       |     1 |       ||     3
 Invoke: Curse Item        |       |     1 |     1 |       |     4 |     3 ||     9
         Shatter the Chain |       |       |       |       |     2 |     2 ||     4
  Evoke: Wand              |       |       |     7 |     5 |     8 |     1 ||    21
    Use: Potion            |       |       |       |     1 |     2 |     5 ||     8
         Scroll            |       |       |       |       |     9 |     1 ||    10
   Stab: Sleeping          |     2 |     3 |     5 |     2 |     5 |     5 ||    22
         Paralysed         |       |       |     1 |       |       |       ||     1
         Distracted        |       |       |       |       |     2 |     1 ||     3
         Invisible         |       |       |       |       |     4 |       ||     4
 Armour: Robe              |    60 |    51 |    91 |   186 |       |       ||   388
         Skin              |       |     2 |       |       |       |       ||     2
         Acid dragon scale |       |       |       |    22 |   459 |    40 ||   521
         Troll leather arm |       |       |       |       |       |   376 ||   376
         Ice dragon scales |       |       |       |       |       |    50 ||    50
  Dodge: Dodged            |    32 |    64 |   122 |   155 |   546 |   788 ||  1707
  Block: Kite shield       |    65 |    80 |   213 |   309 |   752 |       ||  1419
